 Dungeon Crawl Stone Soup version 0.22-a0-605-g9281fa2 (webtiles) character file.

108 Hebeh the Firebug (level 4, -6/24 HPs)
             Began as a Deep Elf Fire Elementalist on July 8, 2018.
             Mangled by an orc warrior
             ... wielding a +0 dire flail
              (19 damage)
             ... on level 3 of the Dungeon.
             The game lasted 00:11:16 (2692 turns).

Hebeh the Firebug (Deep Elf Fire Elementalist)      Turns: 2692, Time: 00:11:17

Health: -6/24      AC:  2    Str:  5    XL:     4   Next: 58%
Magic:  3/12       EV: 13    Int: 26    God:
Gold:   122        SH:  0    Dex: 15    Spells: 5/11 levels left

rFire    . . .     SeeInvis .   h - +0 spear
rCold    . . .     Gourm    .   (no shield)
rNeg     . . .     Faith    .   a - +0 robe
rPois    .         Spirit   .   (no helmet)
rElec    .         Reflect  .   (no cloak)
rCorr    .         Harm     .   (no gloves)
MR       .....                  (no boots)
Stlth    ++........             (no amulet)
HPRegen  0.08/turn              d - +5 ring of intelligence
MPRegen  0.13/turn              (no ring)

@: very slightly contaminated
A: no striking features
a: no special abilities


You were on level 3 of the Dungeon.
You were hungry.

You visited 1 branch of the dungeon, and saw 3 of its levels.

You collected 122 gold pieces.

Inventory:

Hand Weapons
 h - a +0 spear (weapon)
Missiles
 r - 52 stones (quivered)
Armour
 a - a +0 robe (worn)
Jewellery
 d - a +5 ring of intelligence (left hand)
Scrolls
 b - a scroll of enchant weapon {unknown}
 e - 2 scrolls of remove curse {unknown}
 g - a scroll of magic mapping {unknown}
 m - a scroll of enchant armour {unknown}
 p - a scroll of teleportation {unknown}
Potions
 f - a potion of resistance {unknown}
 i - a potion of invisibility {unknown}
 j - a potion of might {unknown}
 k - a potion of degeneration {unknown}
 l - a potion of heal wounds {unknown}
 n - a potion of mutation {unknown}
 o - a potion of haste {unknown}
 s - 2 potions of curing {unknown}
Comestibles
 c - a ration


   Skills:
 + Level 0.4 Fighting
 - Level 2.4 Dodging
 + Level 3.3 Stealth
 + Level 4.1 Spellcasting
 * Level 2.7 Conjurations
 + Level 4.1 Fire Magic


You had 5 spell levels left.
You knew the following spells:

 Your Spells              Type           Power        Failure   Level  Hunger
a - Flame Tongue          Conj/Fire      ###..        1%          1    None
b - Throw Flame           Conj/Fire      ###...       3%          2    None
c - Conjure Flame         Conj/Fire      ###.....     6%          3    ##.....

Your spell library contained the following spells:

 Spells                   Type           Power        Failure   Level  Hunger
 Fireball                 Conj/Fire      ###.......   50%         5    #####..
 Sticky Flame             Conj/Fire      ###.....     21%         4    ####...
 Inner Flame              Hex/Fire       ###.....     11%         3    ##.....


Dungeon Overview and Level Annotations

Branches:
Dungeon (3/15)

Altars:
Makhleb


Message History

The flame tongue hits the orc warrior.
The orc warrior appears unharmed.
The orc warrior is severely wounded.
The orc warrior barely misses you.
Casting: Flame Tongue (safe; 1% risk of failure)
Confirm with . or Enter, or press ? or * to list all spells.
Aiming: Flame Tongue (safe; 1% risk of failure)
Press: ? - help, Shift-Dir - straight line, f/p - orc warrior
Aim: an orc warrior, wielding a dire flail and wearing a plate armour (severely wounded)
The flame tongue hits the orc warrior.
The orc warrior appears unharmed.
The orc warrior is severely wounded.
Casting: Flame Tongue (safe; 1% risk of failure)
Confirm with . or Enter, or press ? or * to list all spells.
Aiming: Flame Tongue (safe; 1% risk of failure)
Press: ? - help, Shift-Dir - straight line, f/p - orc warrior
Aim: an orc warrior, wielding a dire flail and wearing a plate armour (severely wounded)
The flame tongue hits the orc warrior.
The orc warrior is almost dead.
The orc warrior hits you with a dire flail!!
Ouch! That really hurt!
You die...

#.. ...?...
#.###.......
#.†.........
#....(......
#..........
###..####+#######
#.....{.†.......#
#....##..###.#####.#
#.... ##.# #...o@#.#
#... #.# #.......#
#... #.# #.#######
#.. ....... #..
#...... ##......
#...... #.##+###


You could see an orc warrior.

Vanquished Creatures
  An orc wizard (D:3)
  2 adders
  An ooze (D:1)
  2 worms (D:2)
  2 leopard geckos
  6 bats
  A giant cockroach (D:3)
  6 goblins
  5 hobgoblins
  11 jackals
  3 frilled lizards
  A kobold (D:2)
  6 rats
47 creatures vanquished.

Notes
Turn   | Place    | Note
-------+----------+-------------------------------------------
     0 | D:1      | Hebeh the Deep Elf Fire Elementalist began the quest for the Orb.
     0 | D:1      | Reached XP level 1. HP: 10/10 MP: 6/6
   214 | D:1      | Reached XP level 2. HP: 15/15 MP: 5/8
   967 | D:1      | You fall through a shaft!
   998 | D:2      | Reached XP level 3. HP: 19/19 MP: 6/10
  1032 | D:2      | Learned a level 2 spell: Throw Flame
  1036 | D:2      | Learned a level 3 spell: Conjure Flame
  1259 | D:2      | Found a burning altar of Makhleb.
  2379 | D:3      | Reached XP level 4. HP: 24/24 MP: 7/12
  2682 | D:3      | Noticed an orc warrior
  2692 | D:3      | Mangled by an orc warrior

Vault maps used:
D:1:      roderic_crop_circles_arrival_small, minmay_hedge_maze
D:2:      lemuel_round_altar, minmay_split_cup_small
D:3:      lemuel_doored_altar, ebering_ghost_sewer_f, nrook_mini_vaults,
          uniq_robin

Skill      XL: |  1  2  3 |
---------------+----------+-----
Conjurations   | 2 |  2.7
Stealth        | 3 |  3.3
Fire Magic     | 4 |  4.1
Spellcasting   | 4 |  4.1
Fighting       | |  0.4
Dodging        | |  2.4

Action                   |  1- 3 |  4- 6 || total
-------------------------+-------+-------++-------
Melee: Unarmed           |    10 |       ||    10
       Spear             |    19 |       ||    19
Throw: Stone             |     1 |       ||     1
 Cast: Flame Tongue      |    61 |    23 ||    84
       Throw Flame       |    10 |     2 ||    12
       Conjure Flame     |     3 |       ||     3
  Eat: Chunk             |     5 |       ||     5
Armor: Robe              |     6 |     1 ||     7
Dodge: Dodged            |    28 |    10 ||    38

Table legend:
 A = Spawn XP
 B = Non-spawn XP
 C = Spawn XP percentage of total XP
 D = Spawn monster count
 E = Non-spawn monster count
 F = Spawn count percentage of total count
 G = Total turns spent on level
                    A         B        C        D         E        F      G
               +---------+---------+-------+---------+---------+-------+---------
         Total |       0 |     155 |   0.0 |       0 |      47 |   0.0 |  2692
               +---------+---------+-------+---------+---------+-------+---------
           D:1 |       0 |      37 |   0.0 |       0 |      18 |   0.0 |  1132
           D:2 |       0 |      49 |   0.0 |       0 |      20 |   0.0 |  1256
           D:3 |       0 |      69 |   0.0 |       0 |       9 |   0.0 |   304
               +---------+---------+-------+---------+---------+-------+---------
